 Dungeon Crawl Stone Soup version 0.29.0-4-gdea44cf6ec (webtiles) character file.

Game seed: 142783367997326627

37 qw the Chopper (level 3, -1/29 HPs)
             Began as a Barachi Chaos Knight on Sept 6, 2022.
             Slain by a quokka (3 damage)
             ... on level 2 of the Dungeon.
             The game lasted 00:00:30 (1385 turns).

qw the Chopper (Barachi Chaos Knight)               Turns: 1385, Time: 00:00:31

Health: -1/29      AC:  6    Str: 15      XL:     3   Next: 39%
Magic:  3/3        EV: 10    Int: 11 (12) God:
Gold:   13         SH:  0    Dex: 11      Spells: 2/2 levels left

rFire   . . .      SeeInvis .   Y - +0 hand axe (chaos)
rCold   . . .      Faith    .   (no shield)
rNeg    . . .      Spirit   .   d - +0 ring mail
rPois   .          Reflect  .   (no helmet)
rElec   .          Harm     .   h - +0 cloak
rCorr   .          Rampage  .   (no gloves)
Will    .....                   (no boots)
Stlth   +.........              (no amulet)
HPRegen 0.09/turn               (no ring)
MPRegen 0.08/turn               (no ring)

@: slow
A: amphibious, slowness 1, strong legs 1, +LOS
a: Hop


You were on level 2 of the Dungeon.
You visited 1 branch of the dungeon, and saw 2 of its levels.

You collected 13 gold pieces.


Innate Abilities, Weirdness & Mutations

You are amphibious.
You cover ground slowly.
You can hop short distances.
You have an extended range of vision and can be seen from far away.


   Skills:
 - Level 3.6 Fighting
 + Level 4.8 Axes
 - Level 2.4 Armour
 - Level 1.1 Dodging


You had 2 spell levels left.
You didn't know any spells.
Your spell library was empty.

Inventory:

Hand Weapons
 b - a +0 club
 Y - a +0 hand axe of chaos (weapon)
Armour
 d - a +0 ring mail (worn)
 h - a +0 cloak (worn)
Scrolls
 a - a scroll of identify
Potions
 e - a potion of lignification {unknown}
 f - a potion of cancellation {unknown}
 g - a potion of resistance {unknown}
Miscellaneous
 c - a piece from Xom's chessboard (15/15)

Dungeon Overview and Level Annotations

Branches:
Dungeon (2/15)

Altars:


Message History

The quokka is heavily wounded.
The quokka barely misses you.
You miss the quokka.
The quokka is heavily wounded.
The quokka barely misses you. The quokka closely misses you.
You barely miss the quokka.
The quokka is heavily wounded.
The quokka bites you. The quokka barely misses you.
You closely miss the quokka.
The quokka is heavily wounded.
The quokka bites you but does no damage.
The quokka barely misses you.
You hit the quokka.
The quokka is severely wounded.
The quokka bites you but does no damage. x2
You closely miss the quokka.
The quokka is severely wounded.
The quokka closely misses you. x2
You closely miss the quokka.
The quokka is severely wounded.
The quokka completely misses you. The quokka barely misses you.
You hit the quokka but do no damage.
The quokka is severely wounded.
The quokka bites you but does no damage.
You hit the quokka but do no damage.
The quokka is severely wounded.
The quokka bites you but does no damage.
The quokka bites you.
You miss the quokka.
The quokka is severely wounded.
The quokka barely misses you.
The quokka bites you but does no damage.
You miss the quokka.
The quokka is severely wounded.
The quokka bites you but does no damage.
The quokka closely misses you.
You closely miss the quokka.
The quokka is severely wounded.
The quokka barely misses you. The quokka bites you.
You die...

### ... ## ... .. #.#
. ....# #.#. ## #.. ..
+r## .# #@.####.#
#.##'##(#...#.#
#.r.......##.#.#####.#
##.#.#.#.###.........#
###.###.###.#####
#.....# ###.### #.#
#.#


You could see a quokka (berserk, agile).

Vanquished Creatures
  2 adders (D:2)
  A bat (D:2)
  3 hobgoblins
  4 kobolds
  2 quokkas (D:1)
  2 ball pythons
  2 frilled lizards (D:1)
  2 goblins (D:2)
  A rat (D:1)
19 creatures vanquished.

Notes
Turn   | Place    | Note
-------+----------+-------------------------------------------
     0 | D:1      | qw the Barachi Chaos Knight began the quest for the Orb.
     0 | D:1      | Reached XP level 1. HP: 18/18 MP: 1/1
     0 | D:1      | 0 ||| qw: Version: 0.1-a-108-g9e35731
     0 | D:1      | 0 ||| qw: Game counter: 6392
     0 | D:1      | 0 ||| qw: Always use a shield: true
     0 | D:1      | 0 ||| qw: God list: Okawaru
     0 | D:1      | 0 ||| qw: Allow faded altars: false
     0 | D:1      | 0 ||| qw: Do Orc after D:15 true
     0 | D:1      | 0 ||| qw: Do second Lair branch before Depths: true
     0 | D:1      | 0 ||| qw: Lair rune preference: random
     0 | D:1      | 0 ||| qw: Plans: Normal
     0 | D:1      | 0 ||| PLANNING D:1-11
     0 | D:1      | Fell from the grace of Xom
   163 | D:1      | Found a faded altar of an unknown god.
   257 | D:1      | 257 ||| Stepping ~*~*~tactically~*~*~ (stealth).
   258 | D:1      | 258 ||| Stepping ~*~*~tactically~*~*~ (stealth).
   268 | D:1      | Reached XP level 2. HP: 17/24 MP: 2/2
   419 | D:1      | Reached skill level 4 in Axes
   538 | D:1      | Identified the +6 war axe "Saudwyrch" {flame, *Rage rF+ rN+
                  | rCorr}
   540 | D:1      | 540 ||| DROPPING +6 war axe "Saudwyrch" {flame, *Rage rF+
                  | rN+ rCorr}.
   672 | D:1      | 672 ||| UPGRADING to +0 ring mail.
   682 | D:1      | 682 ||| DROPPING +2 leather armour.
   683 | D:1      | 683 ||| UPGRADING to +0 cloak.
   688 | D:1      | 688 ||| READING 2 scrolls labelled DOBLOTW NOUTI.
   689 | D:1      | 689 ||| READING scroll labelled HORIWK XU XACI.
   690 | D:1      | 690 ||| DROPPING scroll of fear.
   744 | D:2      | 744 ||| Stepping ~*~*~tactically~*~*~ (stealth).
   921 | D:2      | Reached XP level 3. HP: 19/29 MP: 3/3
   921 | D:2      | 921 ||| FLEEEEING.
   922 | D:2      | 922 ||| FLEEEEING.
   923 | D:2      | 923 ||| FLEEEEING.
   924 | D:2      | 924 ||| FLEEEEING.
  1101 | D:2      | XOM: torment (16/29 hp)
  1111 | D:2      | XOM: torment (10/29 hp)
  1217 | D:2      | XOM: stat loss: -1 Int (11/12)
  1356 | D:2      | 1356 ||| Stepping ~*~*~tactically~*~*~ (stealth).
  1357 | D:2      | 1357 ||| Stepping ~*~*~tactically~*~*~ (stealth).
  1373 | D:2      | HP: 4/29 [quokka (6)]
  1382 | D:2      | HP: 2/29 [quokka (2)]
  1385 | D:2      | Slain by a quokka

Levels and vault maps discovered:
D:1:      dpeg_arrival_connections, layout_basic,
          chequers_ecumenical_altar_island, minmay_liquid_box, dk_noncrumbling_2
D:2:      layout_loops_ring, minmay_misc_feat_doors, uniq_sigmund

Skill      XL: |  1  2 |
---------------+-------+-----
Axes           | 4 |  4.8
Fighting       | |  3.6
Armour         | |  2.4
Dodging        | |  1.1

Action                   || total
-------------------------++-------
Melee: Hand axe          ||    74
Invok: Renounce Religion ||     1
  Use: Scroll            ||     2
Armor: Leather armour    ||     8
       Ring mail         ||    27
Dodge: Dodged            ||    46

Table legend:
 A = Non-vault XP
 B = Vault XP
 C = Vault XP percentage of total XP
 D = Non-vault monster count
 E = Vault monster count
 F = Vault count percentage of total count
                 A         B        C        D         E       F
            +---------+---------+-------+---------+---------+-------
      Total |      53 |       0 |   0.0 |      19 |       0 |   0.0
            +---------+---------+-------+---------+---------+-------
        D:1 |      13 |       0 |   0.0 |       9 |       0 |   0.0
        D:2 |      40 |       0 |   0.0 |      10 |       0 |   0.0
            +---------+---------+-------+---------+---------+-------
